 Dungeon Crawl Stone Soup version 0.26.1-2-gb8aa6d0cf2 (webtiles) character file.

Game seed: 14314446779333109924

1598 Ladykiller69 the Fighter (level 8, -8/88 HPs)
             Began as an Ogre Gladiator on Mar 6, 2021.
             Mangled by a wight
             ... wielding a +3 great sword of freezing
              (14 damage)
             ... on level 6 of the Dungeon on Mar 9, 2021.
             The game lasted 00:19:41 (7268 turns).

Ladykiller69 the Fighter (Ogre Gladiator)           Turns: 7268, Time: 00:19:42

Health: -8/88      AC:  4    Str: 21    XL:     8   Next: 94%
Magic:  8/8        EV: 11    Int:  9    God:
Gold:   387        SH:  0    Dex: 10    Spells: 7/7 levels left

rFire    . . .     SeeInvis .   a - +0 flail
rCold    . . .     Faith    .   (no shield)
rNeg     . . .     Spirit   .   b - +0 robe
rPois    .         Reflect  .   c - +0 hat
rElec    .         Harm     .   p - +0 cloak
rCorr    .         Rampage  .   (gloves unavailable)
Will     +....     Rnd*Tele +   (boots unavailable)
Stlth    +.........             E - amulet of regeneration
HPRegen  0.64/turn              y - ring of teleportation (curse)
MPRegen  0.11/turn              i - ring of willpower

@: no status effects
A: large, unfitting armour, tough skin 1
a: no special abilities


You were on level 6 of the Dungeon.
You visited 1 branch of the dungeon, and saw 6 of its levels.
You also visited: Sewer.

You collected 387 gold pieces.

Inventory:

Hand Weapons
 a - a +0 flail (weapon)
Missiles
 j - 7 boomerangs (quivered)
 k - 268 stones
 G - a throwing net
Armour
 b - a +0 robe (worn)
 c - a +0 hat (worn)
 p - a +0 cloak (worn)
Jewellery
 d - an uncursed amulet of reflection
 h - an uncursed ring of protection from fire
 i - a ring of willpower (right hand)
 x - an uncursed ring of protection from cold
 y - a cursed ring of teleportation (left hand)
 E - an amulet of regeneration (around neck)
Wands
 D - a wand of iceblast (11)
Scrolls
 e - 3 scrolls of remove curse {unknown}
 g - a scroll of fog {unknown}
 m - 5 scrolls of enchant weapon {unknown}
 n - 11 scrolls of identify {unknown}
 q - 6 scrolls of teleportation {unknown}
 r - 2 scrolls of magic mapping {unknown}
 t - a scroll of fear {unknown}
 v - a scroll of immolation {unknown}
 w - 3 scrolls of amnesia {unknown}
Potions
 f - 3 potions of heal wounds {unknown}
 l - a potion of magic {unknown}
 o - 2 potions of lignification {unknown}
 s - 2 potions of flight {unknown}
 u - 2 potions of degeneration {unknown}
 z - a potion of haste {unknown}
 A - 3 potions of curing {unknown}
 B - a potion of mutation {unknown}
 C - a potion of attraction {unknown}
 F - a potion of brilliance {unknown}


   Skills:
 + Level 8.1 Fighting
 * Level 8.1 Maces & Flails
 - Level 2.0 Throwing
 - Level 4.5 Dodging


You had 7 spell levels left.
You didn't know any spells.
Your spell library was empty.

Dungeon Overview and Level Annotations

Branches:
Dungeon (6/15)              Sewer (visited)
 Temple: D:4-7

Altars:
Gozag
Nemelex Xobeh

Shops:
D:5 }


Innate Abilities, Weirdness & Mutations

You are too large for most types of armour.
You have tough skin. (AC +1)


Message History

a mace; a +0 leather armour
There is a stone staircase leading down, spattered with blood here.
You climb downwards.
The orc warrior hits you with a +0 battleaxe!!
The orc closely misses you.
The wight hits you with a +3 great sword of freezing.
The wight freezes you.
The orc priest miscasts a cantrip.
The orc hits you but does no damage.
The orc warrior hits you with a +0 dire flail!!
The orc closely misses you. The orc completely misses you.
The gnoll misses you.
The orc priest casts a cantrip, but nothing happens.
The orc barely misses you. The orc hits you but does no damage.
The orc warrior hits you with a +0 dire flail!
The orc priest miscasts a cantrip.
The orc warrior hits you with a +0 battleaxe!!
* * * LOW HITPOINT WARNING * * *
The wight hits you with a +3 great sword of freezing!
You die...

##.. .#.#..#
#... .#.#... #
...##.#..o..
..##(........#
.............#.
##.........(.z.
#.....ooo......
......o@zz.....
......goo......
.......o...#.##
.........o.#
....(.###...#
..o... .o...
...... ......
#..#.. ......


You could see 2 orc warriors, 3 wights, 2 orc priests, an orc wizard, a gnoll
and 6 orcs.

Vanquished Creatures
  Grinder (D:3)
  Sigmund (D:2)
  Purgy (Sewer)
  A necrophage (D:5)
  A centaur (D:4)
  A bullfrog (D:5)
  A scorpion (D:5)
  A jelly (D:5)
  2 centaur skeletons (D:4)
  2 orc priests (D:5)
  4 orc wizards
  2 iguanas
  Ijyb (D:4)
  4 worker ants
  11 gnolls
  8 river rats (D:5)
  10 adders
  A shadow imp (D:5)
  A white imp (D:5)
  2 oozes
  A worm (D:3)
  6 dart slugs
  4 leopard geckos
  10 orcs
  8 giant cockroaches
  7 goblins
  9 hobgoblins
  16 jackals
  6 kobolds
  7 quokkas (D:5)
  A ball python (D:4)
  11 bats
  10 frilled lizards
  26 rats
178 creatures vanquished.

Notes
Turn   | Place    | Note
-------+----------+-------------------------------------------
     0 | D:1      | Ladykiller69 the Ogre Gladiator began the quest for the
                  | Orb.
     0 | D:1      | Reached XP level 1. HP: 22/22 MP: 1/1
   201 | D:1      | Reached XP level 2. HP: 29/29 MP: 2/2
   553 | D:1      | Reached XP level 3. HP: 31/37 MP: 3/3
  1582 | D:2      | Found an opulent altar of Gozag.
  1636 | D:2      | Reached XP level 4. HP: 42/45 MP: 4/4
  1696 | D:2      | Noticed Sigmund
  1790 | D:2      | Killed Sigmund
  1791 | D:2      | Reached XP level 5. HP: 37/55 MP: 5/5
  1791 | D:2      | Reached XP level 6. HP: 43/63 MP: 6/6
  2477 | D:3      | Found a glowing drain.
  2634 | Sewer    | Entered a sewer
  2759 | Sewer    | Noticed Purgy
  2798 | Sewer    | Killed Purgy
  2799 | Sewer    | Reached skill level 5 in Fighting
  2799 | Sewer    | Reached skill level 5 in Maces & Flails
  3242 | D:3      | Noticed Grinder
  3254 | D:3      | Killed Grinder
  3255 | D:3      | Reached XP level 7. HP: 27/72 MP: 7/7
  3546 | D:3      | Found a sparkling altar of Nemelex Xobeh.
  4605 | D:4      | Reached XP level 8. HP: 11/84 MP: 8/8
  5215 | D:4      | Noticed Ijyb
  5224 | D:4      | Killed Ijyb
  5834 | D:5      | Entered Level 5 of the Dungeon
  6048 | D:5      | Found Baivowku's Gadget Shoppe.
  7268 | D:6      | Mangled by a wight

Illustrated notes

Levels and vault maps discovered:
D:1:      dpeg_arrival_rooms_a, layout_loops_ring
D:2:      layout_rooms, grunt_gozag_statues, uniq_sigmund
D:3:      layout_loops_ring, nicolae_overflow_crystal_walls,
          gup_sewer_entry_glass, uniq_grinder
D:4:      layout_loops_ring, chequers_serial_rivers_micro_e, minivault_24,
          uniq_ijyb
D:5:      lemuel_ratsnest, layout_cave_pools, serial_shops, shop
D:6:      layout_cave_pools, kennysheep_mini, uniq_prince_ribbit1, uniq_pikel,
          uniq_blork_the_orc

Skill      XL: |  1  2  3  4  5  6  7  8 |
---------------+-------------------------+-----
Fighting       | 3 4 5 6 8 |  8.1
Maces & Flails | 3 4 5 6 8 |  8.1
Dodging        | 3 4 |  4.5
Throwing       | |  2.0

Action                   |  1- 3 |  4- 6 |  7- 9 || total
-------------------------+-------+-------+-------++-------
Melee: Flail             |   124 |   209 |   364 ||   697
Throw: Throwing net      |     2 |     2 |     3 ||     7
       Boomerang         |     2 |     5 |     4 ||    11
       Stone             |       |       |     1 ||     1
 Stab: Sleeping          |     1 |       |     2 ||     3
       Held in net/web   |       |     1 |       ||     1
Armor: Robe              |    35 |   108 |    58 ||   201
Dodge: Dodged            |    90 |   218 |   193 ||   501
